 Dungeon Crawl Stone Soup version 0.18-a0-816-g97f838e (webtiles) character file.

72 gorblad the Firebug (level 4, 0/24 HPs)
             Began as a Deep Elf Fire Elementalist on Dec 15, 2015.
             Was an Initiate of Qazlal.
             Succumbed to an adder's poison
             ... on level 3 of the Dungeon.
             The game lasted 00:07:59 (2222 turns).

gorblad the Firebug (Deep Elf Fire Elementalist)    Turns: 2222, Time: 00:07:59

Health: 0/24       AC:  3    Str:  5    XL:     4   Next: 7%
Magic:  6/11       EV: 13    Int: 21    God:    Qazlal [......]
Gold:   76         SH:  0    Dex: 15    Spells: 3 memorised, 4 levels left

rFire  . . .     SeeInvis .     j - +0 dagger
rCold  . . .     Clarity  .     a - +0 robe
rNeg   . . .     SustAt   .     (no shield)
rPois  .         Gourm    .     (no helmet)
rElec  .         Spirit   .     (no cloak)
rCorr  .         Dismiss  .     l - +0 pair of gloves
rMut   .         Stasis   .     (no boots)
MR     .....                    (no amulet)
Stlth  ++........               (no ring)
                                (no ring)

@: lethally poisoned (0 -> -9), about to teleport, not resistant to hostile
enchantments, unstealthy
A: no striking features
a: Renounce Religion


You were on level 3 of the Dungeon.
You worshipped Qazlal.
Qazlal was noncommittal.
You were not hungry.

You visited 1 branch of the dungeon, and saw 3 of its levels.

You collected 76 gold pieces.

Inventory:

Hand Weapons
 j - a +0 dagger (weapon)
Armour
 a - a +0 robe (worn)
 l - a +0 pair of gloves (worn)
Scrolls
 i - 5 scrolls of identify
Potions
 h - a potion of magic
Books
 b - a book of Flames

   Spells                             Type                      Level
   a - Flame Tongue                   Conjuration/Fire             1
   b - Throw Flame                    Conjuration/Fire             2
   c - Conjure Flame                  Conjuration/Fire             3
   d - Inner Flame                    Hexes/Fire                   3
   e - Sticky Flame                   Conjuration/Fire             4
   f - Fireball                       Conjuration/Fire             5
 f - a book of Beasts

   Spells                             Type                      Level
   a - Summon Butterflies             Summoning                    1
   b - Call Canine Familiar           Summoning                    3
   c - Summon Ice Beast               Ice/Summoning                4
   d - Summon Mana Viper              Hexes/Summoning              5
   e - Summon Hydra                   Summoning                    7
Comestibles
 c - 3 bread rations
 k - a meat ration
 m - a beef jerky


   Skills:
 + Level 0.1 Fighting
 + Level 2.4 Dodging
 + Level 3.0 Stealth
 + Level 0.1 Unarmed Combat
 + Level 3.7 Spellcasting
 + Level 2.2 Conjurations
 + Level 4.2 Fire Magic


You had 4 spell levels left.
You knew the following spells:

 Your Spells              Type           Power        Failure   Level  Hunger
a - Flame Tongue          Conj/Fire      ###..        3%          1    None
b - Throw Flame           Conj/Fire      ###...       6%          2    ##.....
c - Conjure Flame         Conj/Fire      ###.....     12%         3    ###....


Dungeon Overview and Level Annotations

Branches:
Dungeon (3/15)

Altars:
Ashenzari
Pakellas
Qazlal


Message History

The worm bites you. The bat closely misses you. The adder closely misses you.
The orc completely misses you. The bat hits you but does no damage.
The adder bites you but does no damage. The bat hits you. The adder bites you.
* * * LOW HITPOINT WARNING * * *
You are poisoned.
The adder poisons you!
You feel sick. The adder bites you.
* * * LOW HITPOINT WARNING * * *
You are more poisoned.
The adder poisons you!
Drink which item? (? for menu, Esc to quit)
Okay, then.
Read which item? (? for menu, Esc to quit)
As you read the scroll of teleportation, it crumbles to dust.
You feel strangely unstable.
You die...

...................
.........<#........
..)#.......b#......
#.........#.#......
....####..#w#......
### ##o#.# .....
#..S# ..... ##.S#
.... ##@# ###


You could see a worm, 2 adders, an orc and a bat.

Vanquished Creatures
  A gnoll (D:1)
  2 adders (D:2)
  2 worms (D:2)
  A giant gecko (D:3)
  3 ball pythons
  5 giant cockroaches
  2 hobgoblins (D:2)
  2 kobolds (D:1)
  6 bats
  5 giant newts
  7 goblins
  2 jackals (D:1)
  5 rats
43 creatures vanquished.

Notes
Turn   | Place    | Note
--------------------------------------------------------------
     0 | D:1      | gorblad the Deep Elf Fire Elementalist began the quest for the Orb.
     0 | D:1      | Reached XP level 1. HP: 10/10 MP: 6/6
   325 | D:1      | Found a shattered altar of Ashenzari.
   336 | D:1      | Reached XP level 2. HP: 6/15 MP: 4/8
  1005 | D:1      | Reached XP level 3. HP: 16/19 MP: 4/9
  1006 | D:1      | Reached skill level 4 in Fire Magic
  1367 | D:2      | Learned a level 2 spell: Throw Flame
  1371 | D:2      | Learned a level 3 spell: Conjure Flame
  1567 | D:2      | Found an oddly glowing altar of Pakellas.
  1573 | D:2      | Found a stormy altar of Qazlal.
  1583 | D:2      | Became a worshipper of Qazlal Stormbringer
  1954 | D:2      | Reached XP level 4. HP: 24/24 MP: 2/11
  2221 | D:3      | HP: 1/24 [adder (4)]
  2222 | D:3      | Succumbed to an adder's poison

Vault maps used:
D:1:      erik_arrival_cave_to_civilisation, minivault_4, st_stairs_10,
          minmay_misc_feat_iff, kennysheep_nondescript, ashenzari_altar_1
D:2:      gammafunk_temple_overflow_statue
D:3:      tgw_sif, first_bread, lightli_corner_chamber

Action                   |  1- 3 |  4- 6 || total
-------------------------+-------+-------++-------
Melee: Unarmed           |     3 |       ||     3
       Dagger            |    20 |    18 ||    38
 Cast: Flame Tongue      |    62 |     2 ||    64
       Throw Flame       |    16 |     3 ||    19
  Use: Scroll            |     3 |     1 ||     4
       Potion            |     1 |       ||     1
 Stab: Sleeping          |     1 |       ||     1
  Eat: Chunk             |     3 |     1 ||     4
